AoeStats
← skeezerrr

Pilgrims

508246265Analyzed
4v4 RM · 12d ago on Sep 21, 2026· 88m 57s· 8 players
Game mode
Random Map
Map size
Large (8 player)
Population
200
Speed
Normal
Resources
Standard
Victory
Conquest
Starting age
Dark Age
Ending age
Imperial Age
RankedLock teamsTeams togetherTeam positionsShared explorationLock speedFull tech treeHidden civsTurbo modeCheats
Victory
Defeat
🇭🇰 Magyars · Hong Kong SAR China
1284
+12
🇪🇸 Spanish · Spain
1266
+13
🇹🇼 Jurchens · Taiwan
1251
+13
🇭🇰 Goths · Hong Kong SAR China
1245
+14
🇫🇷 Khmer · France
1250
-15
🇬🇧 Persians · United Kingdom
1219
-14
🇫🇷 Franks · France
1199
-13
🇬🇧 Vietnamese · United Kingdom
1121
-10
goenka
11:18 Feudal Age
12:12 Double-Bit Axe
16:29 Castle Age
15:50 Forging
16:22 Scale Barding Armor
17:50 Loom
19:54 Husbandry
23:02 Wheelbarrow
26:07 Gold Mining
29:01 Hand Cart
35:14 Imperial Age
32:58 Stone Mining
33:10 Scale Mail Armor
33:46 Iron Casting
33:50 Gold Shaft Mining
33:03 Town Watch
34:19 Chain Mail Armor
35:09 #83
35:15 Town Patrol
36:19 Conscription
37:01 Blast Furnace
36:18 Elite Throwing Axeman
37:49 Plate Mail Armor
45:11 Ballistics
45:02 Fortified Wall
44:48 Murder Holes
47:57 Cavalier
50:28 Paladin
51:30 Chain Barding Armor
57:23 Pikeman
58:05 Squires
57:51 Arson
58:45 Plate Barding Armor
60:18 Light Cavalry
64:02 Bow Saw
64:00 Halberdier
71:28 Caravan
79:35 Fletching
Husain Bolt
7:51 Loom
10:42 Feudal Age
11:07 Double-Bit Axe
16:54 Castle Age
14:52 Stone Mining
15:32 Bloodlines
26:22 Gold Mining
27:08 Horse Collar
31:07 Fletching
33:31 Wheelbarrow
36:48 Scale Barding Armor
53:11 Bow Saw
53:18 Hand Cart
53:07 Light Cavalry
56:49 Imperial Age
56:16 Husbandry
57:01 Kamandaran
60:21 Thumb Ring
60:55 Forging
60:48 Padded Archer Armor
62:17 Caravan
62:09 Town Watch
62:29 Crossbowman
64:32 Conscription
64:51 Bodkin Arrow
64:40 Light Cavalry
69:01 Leather Archer Armor
73:12 Chemistry
72:27 Masonry
73:29 Two-Man Saw
74:30 Ballistics
75:59 Stone Shaft Mining
76:38 Cavalier
82:59 Iron Casting
83:05 Heavy Plow
84:52 Hussar
skeezerrr
5:09 Loom
11:48 Feudal Age
12:28 Double-Bit Axe
24:07 Castle Age
21:55 Town Watch
24:51 Stone Mining
24:54 Gold Mining
25:45 Forging
25:36 Scale Mail Armor
25:03 Pikeman
32:45 Fletching
34:29 Bodkin Arrow
35:10 Iron Casting
36:20 Thumb Ring
39:54 Padded Archer Armor
40:52 Ballistics
44:32 Imperial Age
42:38 Wheelbarrow
44:32 Elite Rattan Archer
47:01 Squires
49:58 Bracer
53:31 Elite Skirmisher
55:04 Caravan
55:59 Halberdier
57:01 Chain Mail Armor
57:01 Leather Archer Armor
58:49 Chemistry
62:40 Imperial Skirmisher
63:43 Leather Archer Armor
66:01 Bow Saw
81:56 Murder Holes
bao
7:52 Loom
13:28 Feudal Age
18:01 Castle Age
16:15 Horse Collar
19:15 Scale Barding Armor
19:24 Forging
19:50 Bloodlines
20:38 Town Watch
21:07 Gold Mining
23:23 Gold Shaft Mining
26:17 Double-Bit Axe
32:18 Chain Barding Armor
49:48 Imperial Age
48:02 Iron Casting
47:47 Husbandry
50:06 Light Cavalry
51:35 Plate Barding Armor
50:23 Cavalier
54:03 Bow Saw
53:19 Hussar
60:34 Blast Furnace
63:23 Heavy Plow
68:21 Wheelbarrow
79:39 Hand Cart
Limako
9:23 Feudal Age
7:42 Loom
9:27 Feudal Age
14:58 Forging
22:42 Castle Age
24:09 Wheelbarrow
23:57 Medium Warships
26:58 Hand Cart
26:43 Pikeman
28:19 Fishing Lines
30:45 Scale Mail Armor
31:07 Squires
33:45 Husbandry
35:52 Scale Barding Armor
36:01 Bloodlines
42:43 Imperial Age
40:30 Town Watch
43:05 Chain Barding Armor
43:21 Iron Casting
43:27 Cavalier
44:43 Plate Barding Armor
46:18 Blast Furnace
47:30 Conscription
48:57 Paladin
51:13 Fletching
55:01 Light Cavalry
59:48 Hussar
66:18 Halberdier
67:18 Chain Mail Armor
轟炸雞肉乾媽媽
7:42 Loom
9:51 Feudal Age
13:02 Forging
19:00 Castle Age
18:10 Gold Mining
18:10 Horse Collar
20:19 Scale Barding Armor
20:50 Iron Casting
22:38 Chain Barding Armor
25:58 Double-Bit Axe
27:06 Husbandry
35:09 Wheelbarrow
36:18 Heavy Plow
36:36 Bloodlines
39:29 Imperial Age
39:34 Elite Steppe Lancer
40:56 Plate Barding Armor
45:33 Blast Furnace
57:02 Light Cavalry
69:24 Crop Rotation
71:02 Bow Saw
75:15 Fletching
76:35 Bodkin Arrow
77:32 Hoardings
77:25 Ballistics
82:05 Fortified Wall
82:08 Masonry
S.H.E
5:14 Loom
12:29 Feudal Age
13:08 Double-Bit Axe
18:16 Castle Age
17:17 Horse Collar
19:13 Pikeman
25:52 Wheelbarrow
30:40 Medium Warships
35:55 Fletching
36:31 Padded Archer Armor
37:31 Ballistics
37:45 Bodkin Arrow
38:06 Leather Archer Armor
38:27 Elite Skirmisher
41:19 Bow Saw
50:18 Imperial Age
48:08 Thumb Ring
51:14 Bracer
51:43 Parthian Tactics
52:26 Conscription
52:12 Recurve Bow
53:33 Chemistry
52:44 Masonry
54:36 Ring Archer Armor
55:58 Hand Cart
57:45 Corvinian Army
57:58 Scale Barding Armor
59:12 Bloodlines
59:03 Husbandry
59:07 Heavy Plow
62:05 Heavy Cavalry Archer
67:43 Chain Barding Armor
67:55 Elite Magyar Huszar
70:02 Plate Barding Armor
72:25 Town Watch
75:50 Light Cavalry
79:14 Siege Engineers
Rudolf
8:03 Loom
9:04 Loom
10:53 Feudal Age
12:25 Double-Bit Axe
14:54 Castle Age
13:42 Horse Collar
13:54 Gold Mining
18:14 Medium Warships
18:31 Bow Saw
20:23 Heavy Plow
20:38 Scale Barding Armor
22:09 Wheelbarrow
26:57 Fletching
28:16 Hand Cart
29:37 Stone Mining
30:22 Bodkin Arrow
30:29 Pikeman
36:02 Imperial Age
33:58 Scale Mail Armor
34:16 Squires
36:16 Forging
36:22 Chain Mail Armor
36:55 Bracer
37:17 Ballistics
37:33 Conscription
37:20 Town Watch
38:44 Anarchy
41:06 Crop Rotation
41:29 Elite Huskarl
43:17 Perfusion
45:30 Chemistry
50:43 Two-Man Saw
50:08 Padded Archer Armor
50:46 Iron Casting
52:29 Masonry
52:16 Murder Holes
55:02 Capped Ram
55:46 Padded Archer Armor
56:40 Halberdier
60:13 Architecture
69:16 Fishing Lines
69:58 Clinker Construction
73:37 Coinage
74:07 Onager
84:15 Blast Furnace
Connection lost

Rejoining the realm…

Still unreachable

The connection could not be restored.

Session expired

The server has moved on; the page needs a fresh start.